 Dungeon Crawl Stone Soup version 0.19-a0-675-gf8984cf (console) character file.

86 lauthentik the Sneak (level 4, -2/33 HPs)
             Began as a Vampire Assassin on June 16, 2016.
             Slain by a hobgoblin
             ... wielding a +0 club
             ... led by Robin
              (5 damage)
             ... on level 3 of the Dungeon.
             The game lasted 00:06:36 (1166 turns).

lauthentik the Sneak (Vampire Assassin)             Turns: 1166, Time: 00:06:37

Health: -2/33      AC:  5    Str: 10    XL:     4   Next: 27%
Magic:  4/4        EV: 12    Int: 14    God:
Gold:   99         SH:  0    Dex: 15    Spells: 0 memorised, 3 levels left

rFire  . . .     SeeInvis +     a - +2 dagger
rCold  + . .     Gourm    .     n - +0 robe
rNeg   + + .     Faith    .     (no shield)
rPois  +         Spirit   .     (no helmet)
rElec  .         Dismiss  .     q - +2 cloak
rCorr  .         Reflect  .     (no gloves)
SustAt .         Harm     .     (no boots)
MR     .....                    (no amulet)
Stlth  ++++......               (no ring)
                                (no ring)

@: regenerating slowly, not resistant to hostile enchantments, stealthy
A: fangs 3, see invisible, unbreathing
a: Bat Form


You were on level 3 of the Dungeon.
You were thirsty.

You visited 1 branch of the dungeon, and saw 3 of its levels.

You collected 99 gold pieces.

Inventory:

Hand Weapons
 a - a +2 dagger (weapon)
 b - a +0 blowgun
Missiles
 e - 6 poisoned needles
 f - 2 curare-tipped needles
 h - 67 stones (quivered)
Armour
 n - a +0 robe (worn)
 q - a +2 cloak (worn)
Scrolls
 i - a scroll of identify
 j - a scroll of teleportation {unknown}
 m - a scroll of fear {unknown}
 o - a scroll of immolation {unknown}
 p - 3 scrolls of remove curse {unknown}
Potions
 c - a potion of lignification {unknown}
 d - a potion of heal wounds {unknown}
 g - 3 potions of blood
 k - 2 potions of degeneration {unknown}
 l - a potion of curing {unknown}
 r - a potion of brilliance {unknown}
 s - 2 potions of mutation


   Skills:
 + Level 2.2 Fighting
 + Level 2.5 Short Blades
 + Level 1.6 Throwing
 + Level 2.0 Dodging
 + Level 7.6 Stealth


You had 3 spell levels left.
You didn't know any spells.

Dungeon Overview and Level Annotations

Branches:
Dungeon (3/15)

Altars:

Annotations:
D:3 Robin


Innate Abilities, Weirdness & Mutations

You heal slowly.
You have razor-sharp teeth.
You have supernaturally acute eyesight. (SInv)
You can survive without breathing.


Message History

You kill the goblin!
The goblin closely misses you. The goblin barely misses you.
You hit the goblin but do no damage. The goblin hits you.
You hit the goblin.
You kill the goblin!
The goblin hits you.
* * * LOW HITPOINT WARNING * * *
The goblin misses you.
You hit the goblin.
You kill the goblin!
The goblin hits you.
* * * LOW HITPOINT WARNING * * *
The goblin hits you.
* * * LOW HITPOINT WARNING * * *
The goblin hits you but does no damage.
As you read the scroll labeled CEYTOOMYUN, it crumbles to dust.
It is a scroll of identify.
s - 2 potions of mutation The goblin hits you but does no damage.
The hobgoblin hits you with a club.
You die...

######.#### .........#
#......#.# +........
#......# #...g..#
#.Oggg.# #†gg@)#
#.##### #.# #O######
#......# ####
#######O# ####.....
........# #.......#
####....###
........#####.#......#


You could see an ogre, Robin, 2 hobgoblins and 3 goblins.

Vanquished Creatures
  Ijyb (D:3)
  An adder (D:2)
  An ooze (D:2)
  2 dart slugs (D:1)
  2 giant geckos
  A bat (D:2)
  2 giant cockroaches
  8 hobgoblins
  2 jackals (D:2)
  A giant newt (D:1)
  10 goblins
  3 kobolds
  7 rats
41 creatures vanquished.

Notes
Turn   | Place    | Note
--------------------------------------------------------------
     0 | D:1      | lauthentik the Vampire Assassin began the quest for the Orb.
     0 | D:1      | Reached XP level 1. HP: 16/16 MP: 1/1
    90 | D:1      | Reached skill level 6 in Stealth
   210 | D:1      | Reached XP level 2. HP: 19/22 MP: 2/2
   766 | D:2      | Reached XP level 3. HP: 27/27 MP: 3/3
   895 | D:2      | Reached skill level 7 in Stealth
   969 | D:2      | You fall through a shaft!
   989 | D:3      | Noticed Ijyb
   995 | D:3      | Killed Ijyb
   995 | D:3      | Reached XP level 4. HP: 33/33 MP: 4/4
  1112 | D:3      | Noticed an ogre
  1154 | D:3      | Noticed Robin
  1166 | D:3      | Slain by a hobgoblin

Vault maps used:
D:1:      mrwooster_arrival_statue, dk_noncrumbling_3
D:2:      grunt_pakellas_sulfur
D:3:      first_bread, uniq_robin, uniq_terence, uniq_iyjb

Skill      XL: |  1  2  3  4 |
---------------+-------------+-----
Stealth        | 6 7 |  7.6
Fighting       | 2 |  2.2
Dodging        | 2 |  2.0
Short Blades   | |  2.5
Throwing       | |  1.6

Action                   |  1- 3 |  4- 6 || total
-------------------------+-------+-------++-------
Melee: Dagger            |    64 |    12 ||    76
       Bite              |     8 |     2 ||    10
 Fire: Blowgun           |       |     2 ||     2
Throw: Stone             |     6 |     1 ||     7
 Abil: End Transformatio |       |     1 ||     1
       Bat Form          |       |     1 ||     1
  Use: Scroll            |       |     1 ||     1
 Stab: Sleeping          |    20 |       ||    20
Armor: Robe              |     3 |     7 ||    10
Dodge: Dodged            |    28 |    15 ||    43
